 Dungeon Sprint DCSS version 0.26-a0-661-g406de6ba63 (webtiles) character file.

Game seed: 18334089871503304390

4353 sahdkjhfkaj the Brawler (level 16, -1/165 HPs)
             Began as a Troll Monk on Oct 8, 2020.
             Was an Initiate of Gozag.
             Slain by a vampire mage (5 damage)
             ... in the Dungeon (Sprint VI: "Thunderdome").
             The game lasted 00:10:41 (2540 turns).

sahdkjhfkaj the Brawler (Troll Monk)                Turns: 2540, Time: 00:10:42

Health: -1/165     AC: 27    Str: 29    XL:     16   Next: 9%
Magic:  27/27      EV:  7    Int:  8    God:    Gozag
Gold:   87         SH: 11    Dex: 10    Spells: 26/32 levels left

rFire    + + .     SeeInvis .     - Unarmed
rCold    . . .     Faith    .   a - +0 kite shield "Zafoip" {Regen+}
rNeg     . . .     Spirit   .   m - +4 gold dragon scales
rPois    +         Reflect  .   (helmet restricted)
rElec    .         Harm     .   l - +1 cloak of Valour {Slay+6}
rCorr    .         Rampage  .   (gloves unavailable)
MR       +++++     NoTele   +   (boots unavailable)
Stlth    ..........             (no amulet)
HPRegen  1.17/turn              t - ring "Wor Piri" {Fire rPois MR+++ Str+3 Dex-2}
MPRegen  0.20/turn              s - ring "Ypextux" {*Drain +Fly rPois MR+}

@: flayed, gold aura, drained
A: large, unfitting armour, claws 3, regeneration 1, shaggy fur 1, tough skin 3
}: 3/15 runes: serpentine, barnacled, mossy
a: Potion Petition, Call Merchant, Bribe Branch, Renounce Religion, Evoke Flight


You were in the Dungeon.
You worshipped Gozag.
Gozag was noncommittal.
You visited 1 branch You collected 10637 gold pieces.
You spent 9974 gold pieces at shops.
You paid 576 gold pieces to Gozag.

Inventory:

Armour
 a - the +0 kite shield "Zafoip" (worn) {Regen+}
   (You bought it in a shop in the Dungeon)

   It increases your rate of regeneration.
 l - the +1 cloak of Valour (worn) {Slay+6}
   (You bought it in a shop in the Dungeon)

   It affects your accuracy and damage with ranged weapons and melee attacks
   (+6).
 m - +4 gold dragon scales (worn)
Jewellery
 p - the ring "Zamnub" {rC++ Int+6}
   (You bought it in a shop in the Dungeon)

   [ring of intelligence]

   It affects your intelligence (+6).
   It greatly protects you from cold.
 q - the ring "Bofraim" {rF+ MR++ rCorr}
   (You bought it in a shop in the Dungeon)

   [ring of resist corrosion]

   It protects you from fire.
   It affects your resistance to hostile enchantments.
   It provides partial protection from all sources of acid and corrosion.
 s - the ring "Ypextux" (right claw) {*Drain +Fly rPois MR+}
   (You bought it in a shop in the Dungeon)

   [ring of flight]

   It protects you from poison.
   It affects your resistance to hostile enchantments.
   It lets you fly.
   It causes draining when unequipped.
 t - the ring "Wor Piri" (left claw) {Fire rPois MR+++ Str+3 Dex-2}
   (You bought it in a shop in the Dungeon)

   [ring of fire]

   It enhances your fire magic.
   It affects your strength (+3).
   It affects your dexterity (-2).
   It protects you from fire.
   It makes you vulnerable to cold.
   It protects you from poison.
   It affects your resistance to hostile enchantments.
 u - the ring of Truth {MP+9 Dex+6, unknown}
   (You bought it in a shop in the Dungeon)

   [ring of dexterity]

   It affects your dexterity (+6).
   It affects your magic capacity (+9).
 v - the ring of Imizi {rElec rPois rN+ Str+4 Slay-2, unknown}
   (You bought it in a shop in the Dungeon)

   [ring of poison resistance]

   It affects your strength (+4).
   It affects your accuracy and damage with ranged weapons and melee attacks
   (-2).
   It insulates you from electricity.
   It protects you from poison.
   It protects you from negative energy.
 w - the ring of Doubts {*Slow MR+ Dex+2 Stlth+, unknown}
   (You bought it in a shop in the Dungeon)

   [ring of stealth]

   It affects your dexterity (+2).
   It affects your resistance to hostile enchantments.
   It may slow you when you take damage.
   It makes you more stealthy.
 x - the ring "Wuangoil" {rN+ MR+, unknown}
   (You bought it in a shop in the Dungeon)

   [ring of positive energy]

   It protects you from negative energy.
   It affects your resistance to hostile enchantments.
 y - the ring of Hiffufini {Ice Str+5, unknown}
   (You bought it in a shop in the Dungeon)

   [ring of ice]

   It enhances your ice magic.
   It affects your strength (+5).
   It makes you vulnerable to fire.
   It protects you from cold.
 z - the ring "Vulobah" {rC- Int+6 Stlth-, unknown}
   (You bought it in a shop in the Dungeon)

   [ring of attention]

   It affects your intelligence (+6).
   It makes you vulnerable to cold.
   It makes you less stealthy.
 A - the ring "Wigguydi" {rPois Int+4 Dex+4 Stlth-, unknown}
   (You bought it in a shop in the Dungeon)

   [ring of attention]

   It affects your intelligence (+4).
   It affects your dexterity (+4).
   It protects you from poison.
   It makes you less stealthy.
 B - the ring of Sait {rC+ MR+ Str-5 Dex+6, unknown}
   (You bought it in a shop in the Dungeon)

   [ring of protection from magic]

   It affects your strength (-5).
   It affects your dexterity (+6).
   It protects you from cold.
   It affects your resistance to hostile enchantments.
 C - the ring of Due Proportion {rPois MR+, unknown}
   (You bought it in a shop in the Dungeon)

   [ring of poison resistance]

   It protects you from poison.
   It affects your resistance to hostile enchantments.
 D - the ring "Pysuqu" {rElec rF+++ rC- MR+ MP+9, unknown}
   (You bought it in a shop in the Dungeon)

   [ring of protection from magic]

   It renders you almost immune to fire.
   It makes you vulnerable to cold.
   It insulates you from electricity.
   It affects your resistance to hostile enchantments.
   It affects your magic capacity (+9).
 E - the ring "Jiuhoxu" {*Drain rC++ EV+4 SInv, unknown}
   (You bought it in a shop in the Dungeon)

   [ring of evasion]

   It affects your evasion (+4).
   It greatly protects you from cold.
   It lets you see invisible.
   It causes draining when unequipped.
 J - the ring "Nibbot" {+Inv rC+ EV+4 Str-3 Dex+2, unknown}
   (You found it in the Dungeon)

   [ring of evasion]

   It affects your evasion (+4).
   It affects your strength (-3).
   It affects your dexterity (+2).
   It protects you from cold.
   It lets you turn invisible.
Wands
 h - a wand of acid (5)
 i - a wand of iceblast (5)
 o - a wand of enslavement (11)
Scrolls
 g - 4 scrolls of blinking
 j - 3 scrolls of fog
Potions
 b - 2 potions of curing
 c - 37 potions of heal wounds
 d - 16 potions of haste
 e - 14 potions of magic
 f - a potion of experience
 k - 13 potions of resistance
 r - 6 potions of stabbing
 F - 6 potions of might
 G - 6 potions of brilliance
 H - 6 potions of mutation
 I - 5 potions of berserk rage


   Skills:
 + Level 12.0(11.1) Fighting
 + Level 11.0(10.1) Armour
 + Level 13.4(12.5) Dodging
 - Level 1.0(0.3) Stealth
 - Level 9.0(8.1) Shields
 + Level 20.0(18.9) Unarmed Combat
 * Level 8.5(7.7) Spellcasting
 * Level 10.3(9.4) Transmutations
 * Level 12.1(11.2) Earth Magic


You had 26 spell levels left.
You knew the following spells:

 Your Spells              Type           Power        Failure   Level
S - Statue Form           Tmut/Erth      ###......    100%        6

Your spell library contained the following spells:

 Spells                   Type           Power        Failure   Level
 Leda's Liquefaction      Hex/Erth       ##........   100%        4
 Bolt of Magma            Conj/Fire/Erth ##........   100%        5
 Iron Shot                Conj/Erth      ##........   100%        6
 Shatter                  Erth           ###.......   100%        9


Dungeon Overview and Level Annotations

Branches:
Dungeon (1/1)

Altars:
Cheibriados
Dithmenos
Fedhas
Gozag
Kikubaaqudgha
Makhleb
Okawaru
Qazlal
Ru
Sif Muna
Trog
Uskayaw
Vehumet
Wu Jian
Xom
Yredelemnul
Zin
The Shining One
Beogh
Jiyva
Lugonu

Shops:
D [??*?*:[((!!!!


Innate Abilities, Weirdness & Mutations

You are too large for most types of armour.
You have claws for hands.
Your natural rate of healing is unusually fast.
You are covered in fur. (AC +1)
You have extremely tough skin. (AC +3)


Message History

The flayed ghost stares at you with tortured malice.
You feel much better. Something hits you but does no damage.
Something bites you but does no damage.
A vampire mage comes into view.
Unknown command.
Your gold dragon scales prevents you from hitting something.
The flayed ghost hits you but does no damage.
Something hits you.
* * * LOW HITPOINT WARNING * * *
Something bites you but does no damage. You block the adder skeleton's attack.
Unknown command.
You completely miss something.
The vampire mage points at you and mumbles some strange words.
The bolt of negative energy hits you!!!
You feel drained.
* * * LOW HITPOINT WARNING * * *
The bolt of negative energy hits something.
The flayed ghost barely misses you. Something hits you but does no damage.
Something bites you.
You die...
Your body crumbles into a pile of gold.

##### ##⌠⌠V## #.....#
##....(## ##∩..$..∩##
#∩.@$..$.∩# #_Z.W..(._#
#_.....(._# #_..$.)(._#
###..W..$$..###
#§..$$)..).$.⌠#
######.8.....$...8.######
##.___....$.###.......__∩##
###=.......$8.#
#.8...$....∩##


You could see 2 flayed ghosts, a vampire mage and an adder skeleton (summoned).

Vanquished Creatures
  An ancient lich (D)
  Agnes (D)
  A lich (D)
  Ilsuiw (D)
  A revenant (D)
  3 azure jellies (D)
  An anaconda (D)
  5 eidola (D)
  Josephine (D)
  A death knight (D)
  2 two-headed ogres (D)
  2 ogre magi (D)
  5 vampire magi (D)
  A deep elf mage (D)
  4 phantasmal warriors (D)
  A necromancer (D)
  A faun (D)
  An elephant (D)
  2 cane toads (shapeshifter) (D)
  A naga mage (D)
  A cane toad (D)
  A yaktaur (shapeshifter) (D)
  4 rime drakes (D)
  2 komodo dragons (D)
  5 guardian mummies (D)
  A wind drake (shapeshifter) (D)
  2 trolls (shapeshifter) (D)
  5 slime creatures (D)
  A yak (D)
  3 wraiths (D)
  A human (shapeshifter) (D)
  2 steam dragons (D)
  An acid dragon (D)
  2 water moccasins (D)
  An ice beast (D)
  A swamp drake (D)
  4 ogres (D)
  A wolf (D)
  A bullfrog (D)
  A bullfrog (shapeshifter) (D)
  2 jellies (D)
  Terence (D)
  3 mummies (D)
  4 oozes (D)
  A worm (D)
  An adder simulacrum (D)
  2 bats (D)
  A bat simulacrum (D)
  A rat (D)
92 creatures vanquished.

Notes
Turn   | Place    | Note
-------+----------+-------------------------------------------
     0 | D        | sahdkjhfkaj the Troll Monk began the quest for the Orb.
     0 | D        | Reached XP level 1. HP: 22/22 MP: 0/0
     1 | D        | Found a bloodstained altar of Trog.
     1 | D        | Found a burning altar of Makhleb.
     2 | D        | Found a glowing silver altar of Zin.
     2 | D        | Found an ancient bone altar of Kikubaaqudgha.
     3 | D        | Found a sacrificial altar of Ru.
     3 | D        | Found an opulent altar of Gozag.
     4 | D        | Found a shimmering blue altar of Sif Muna.
     4 | D        | Found a viscous altar of Jiyva.
     4 | D        | Found Lyotaoph's Weapon Rack.
     4 | D        | Found Mouhot's Premium Goods.
     5 | D        | Found Locwam's Basic Armour.
     5 | D        | Found Vararr's Miscellaneous Merchandise.
     5 | D        | Round 1.
     7 | D        | Found a shadowy altar of Dithmenos.
    12 | D        | Became a worshipper of Gozag Ym Sagoz the Greedy
    20 | D        | Bought a +0 troll leather armour for 180 gold pieces
    53 | D        | Found Coreh's Identification Station.
    53 | D        | Found Ivvak's Advanced Armour.
    54 | D        | Found Loesypn's Jewellery.
    59 | D        | Found an iron altar of Okawaru.
    59 | D        | Found an ornate altar of the Wu Jian Council.
    59 | D        | Found a radiant altar of Vehumet.
    70 | D        | Found a hide-covered altar of Uskayaw.
    72 | D        | Found a shimmering altar of Xom.
    72 | D        | Found a corrupted altar of Lugonu.
    72 | D        | Found Nemm's Magic Scroll Shop.
    72 | D        | Found Effagas's Magic Scroll Shop.
    73 | D        | Found Hekk's Must-Have Magic.
    78 | D        | Found Jytuotos's Staff Store.
    78 | D        | Found a glowing golden altar of the Shining One.
    78 | D        | Found a stormy altar of Qazlal.
    78 | D        | Found a roughly hewn altar of Beogh.
    91 | D        | Found a basalt altar of Yredelemnul.
    91 | D        | Found a snail-covered altar of Cheibriados.
    91 | D        | Found Emagouf's Distillery.
    91 | D        | Found Akizike's Distillery.
    92 | D        | Found Deseepp's Bottled Wisdom.
    97 | D        | Found Soram's Do-It-Yourself Clinic.
    97 | D        | Found a blossoming altar of Fedhas.
   141 | D        | Noticed Terence
   144 | D        | Reached skill level 4 in Unarmed Combat
   155 | D        | Killed Terence
   155 | D        | Reached skill level 5 in Unarmed Combat
   155 | D        | Reached XP level 2. HP: 23/32 MP: 1/1
   155 | D        | Reached XP level 3. HP: 28/39 MP: 2/2
   187 | D        | Arena points: 6 (+6) [x1]
   202 | D        | Round 2.
   209 | D        | Reached skill level 6 in Unarmed Combat
   249 | D        | Reached skill level 7 in Unarmed Combat
   249 | D        | Reached XP level 4. HP: 42/49 MP: 3/3
   277 | D        | Reached skill level 5 in Fighting
   277 | D        | Reached skill level 8 in Unarmed Combat
   279 | D        | Arena points: 34 (+28) [x2]
   310 | D        | Bought a potion of experience for 300 gold pieces
   310 | D        | Bought a potion of experience for 300 gold pieces
   310 | D        | Reached skill level 12 in Unarmed Combat
   310 | D        | Reached XP level 5. HP: 57/57 MP: 4/4
   311 | D        | Reached skill level 14 in Unarmed Combat
   311 | D        | Reached XP level 6. HP: 66/66 MP: 5/5
   341 | D        | Round 3.
   411 | D        | Noticed a rime drake
   417 | D        | Killed a rime drake
   417 | D        | Reached XP level 7. HP: 72/74 MP: 6/6
   436 | D        | Reached skill level 15 in Unarmed Combat
   481 | D        | Arena points: 49 (+15) [x1]
   496 | D        | Round 4.
   497 | D        | Noticed a two-headed ogre
   504 | D        | Killed a two-headed ogre
   504 | D        | Reached XP level 8. HP: 66/84 MP: 7/7
   506 | D        | Reached skill level 5 in Dodging
   515 | D        | Noticed a two-headed ogre
   528 | D        | Killed a two-headed ogre
   528 | D        | Reached skill level 5 in Armour
   528 | D        | Reached skill level 16 in Unarmed Combat
   528 | D        | Reached XP level 9. HP: 52/93 MP: 8/8
   562 | D        | Arena points: 105 (+56) [x2]
   583 | D        | Round 5.
   584 | D        | Noticed a giant anaconda
   598 | D        | Killed a giant anaconda
   598 | D        | Arena points: 265 (+160) [x4]
   598 | D        | Reached skill level 17 in Unarmed Combat
   599 | D        | Got a serpentine rune of Zot
   607 | D        | Bought +0 gold dragon scales for 960 gold pieces
   618 | D        | Reached XP level 10. HP: 102/106 MP: 9/9
   636 | D        | Bought a shimmering tower shield for 332 gold pieces
   641 | D        | Identified the -6 tower shield of Nemelex Xobeh's Pride
                  | {rF+ rN+ Regen+} (You bought it in a shop in the Dungeon)
   657 | D        | Bought an ichor-stained kite shield for 332 gold pieces
   662 | D        | Identified the +0 kite shield "Zafoip" {Regen+} (You bought
                  | it in a shop in the Dungeon)
   756 | D        | Round 6.
   770 | D        | Reached skill level 1 in Shields
   832 | D        | Reached XP level 11. HP: 94/113 MP: 10/10
   837 | D        | Arena points: 535 (+270) [x5]
   880 | D        | Bought a masterwork cloak for 332 gold pieces
   885 | D        | Identified the +1 cloak of Valour {Slay+6} (You bought it
                  | in a shop in the Dungeon)
   895 | D        | Round 7.
   930 | D        | Reached skill level 18 in Unarmed Combat
   945 | D        | Noticed a fire crab
   949 | D        | a fire crab changed into a yaktaur
   952 | D        | Reached skill level 5 in Shields
   980 | D        | Arena points: 913 (+378) [x6]
  1006 | D        | Bought a quad damage for 400 gold pieces
  1024 | D        | Bought a slimy granite ring for 45 gold pieces
  1024 | D        | Bought a shimmering brass ring for 45 gold pieces
  1024 | D        | Bought a warped iron ring for 45 gold pieces
  1024 | D        | Bought a slimy silver ring for 45 gold pieces
  1024 | D        | Bought a translucent marble ring for 45 gold pieces
  1024 | D        | Bought an ancient pewter ring for 45 gold pieces
  1024 | D        | Bought a pitted glass ring for 45 gold pieces
  1024 | D        | Bought a heavily runed jade ring for 45 gold pieces
  1024 | D        | Bought a brightly glowing bone ring for 45 gold pieces
  1024 | D        | Bought a smoking amber ring for 45 gold pieces
  1024 | D        | Bought a translucent brass ring for 45 gold pieces
  1024 | D        | Bought a translucent granite ring for 45 gold pieces
  1024 | D        | Bought a brightly glowing granite ring for 45 gold pieces
  1024 | D        | Bought a scorched brass ring for 45 gold pieces
  1024 | D        | Bought a shimmering brass ring for 45 gold pieces
  1024 | D        | Bought a shimmering amber ring for 45 gold pieces
  1024 | D        | Bought a crude copper ring for 45 gold pieces
  1024 | D        | Identified the ring "Itucal" {rC+ Int+6} (You bought it in
                  | a shop in the Dungeon)
  1025 | D        | Identified the ring "Zamnub" {rC++ Int+6} (You bought it in
                  | a shop in the Dungeon)
  1027 | D        | Identified the ring "Bofraim" {rF+ MR++ rCorr} (You bought
                  | it in a shop in the Dungeon)
  1030 | D        | Identified the ring "Vuhokori" {rPois rC+ Str+4} (You
                  | bought it in a shop in the Dungeon)
  1034 | D        | Identified the ring "Ypextux" {*Drain +Fly rPois MR+} (You
                  | bought it in a shop in the Dungeon)
  1046 | D        | Round 8.
  1170 | D        | Arena points: 1417 (+504) [x7]
  1216 | D        | Bought a book of the Earth for 455 gold pieces
  1216 | D        | Round 9.
  1227 | D        | Learned a level 6 spell: Statue Form
  1239 | D        | Reached skill level 10 in Dodging
  1239 | D        | Reached skill level 1 in Transmutations
  1239 | D        | Reached skill level 1 in Earth Magic
  1249 | D        | Reached skill level 1 in Spellcasting
  1291 | D        | Arena points: 2065 (+648) [x8]
  1306 | D        | Round 10.
  1367 | D        | Noticed Ilsuiw
  1368 | D        | Noticed a sea snake
  1384 | D        | Killed Ilsuiw
  1384 | D        | Arena points: 3065 (+1000) [x10]
  1384 | D        | Reached skill level 10 in Fighting
  1385 | D        | Got a barnacled rune of Zot
  1397 | D        | Bought 6 potions of stabbing for 168 gold pieces
  1397 | D        | Bought 5 potions of haste for 350 gold pieces
  1397 | D        | Bought 4 potions of haste for 280 gold pieces
  1397 | D        | Bought 3 potions of haste for 210 gold pieces
  1397 | D        | Bought 6 potions of might for 168 gold pieces
  1397 | D        | Bought 6 potions of brilliance for 168 gold pieces
  1397 | D        | Bought a potion of mutation for 56 gold pieces
  1397 | D        | Bought 2 potions of mutation for 112 gold pieces
  1397 | D        | Bought 3 potions of mutation for 168 gold pieces
  1397 | D        | Bought 6 potions of resistance for 420 gold pieces
  1397 | D        | Bought 6 potions of resistance for 420 gold pieces
  1397 | D        | Bought 6 potions of magic for 336 gold pieces
  1397 | D        | Bought 6 potions of magic for 336 gold pieces
  1397 | D        | Bought 5 potions of berserk rage for 175 gold pieces
  1397 | D        | Bought a potion of haste for 70 gold pieces
  1397 | D        | Bought a potion of curing for 21 gold pieces
  1398 | D        | Reached XP level 12. HP: 122/126 MP: 13/15
  1600 | D        | Round 11.
  1614 | D        | Noticed an azure jelly
  1628 | D        | Killed an azure jelly
  1628 | D        | Reached skill level 5 in Earth Magic
  1628 | D        | Reached XP level 13. HP: 97/133 MP: 15/17
  1642 | D        | Noticed an azure jelly
  1672 | D        | Killed an azure jelly
  1672 | D        | Reached skill level 19 in Unarmed Combat
  1673 | D        | Noticed an azure jelly
  1677 | D        | Reached skill level 5 in Transmutations
  1685 | D        | Killed an azure jelly
  1729 | D        | Arena points: 3164 (+99) [x1]
  1734 | D        | Identified the ring "Wor Piri" {Fire rPois MR+++ Str+3
                  | Dex-2} (You bought it in a shop in the Dungeon)
  1746 | D        | Round 12.
  1751 | D        | Noticed Josephine
  1756 | D        | Killed Josephine
  1761 | D        | Noticed an eidolon
  1769 | D        | Killed an eidolon
  1776 | D        | Noticed an eidolon
  1784 | D        | Killed an eidolon
  1784 | D        | Reached skill level 5 in Spellcasting
  1825 | D        | Noticed a revenant
  1832 | D        | Killed a revenant
  1845 | D        | Arena points: 3428 (+264) [x2]
  1906 | D        | Bought 2 potions of experience for 600 gold pieces
  1906 | D        | Reached XP level 14. HP: 144/144 MP: 21/21
  1907 | D        | Reached XP level 15. HP: 152/152 MP: 21/23
  1921 | D        | Round 13.
  2079 | D        | Arena points: 3441 (+13) [x1]
  2094 | D        | Round 14.
  2155 | D        | Noticed Nergalle
  2164 | D        | Arena points: 3693 (+252) [x2]
  2179 | D        | Round 15.
  2181 | D        | Noticed Agnes
  2214 | D        | Killed Agnes
  2214 | D        | Arena points: 4353 (+660) [x4]
  2214 | D        | Reached skill level 10 in Armour
  2214 | D        | Reached skill level 10 in Earth Magic
  2218 | D        | Got a glittering wooden ring
  2218 | D        | Got a mossy rune of Zot
  2256 | D        | Bought 3 potions of heal wounds for 105 gold pieces
  2256 | D        | Bought 3 potions of heal wounds for 105 gold pieces
  2256 | D        | Bought 3 potions of heal wounds for 105 gold pieces
  2256 | D        | Bought 3 potions of heal wounds for 105 gold pieces
  2256 | D        | Bought 3 potions of heal wounds for 105 gold pieces
  2256 | D        | Bought 3 potions of heal wounds for 105 gold pieces
  2256 | D        | Bought 3 potions of heal wounds for 105 gold pieces
  2256 | D        | Bought 3 potions of heal wounds for 105 gold pieces
  2256 | D        | Bought 3 potions of heal wounds for 105 gold pieces
  2256 | D        | Bought 3 potions of heal wounds for 105 gold pieces
  2256 | D        | Bought 3 potions of heal wounds for 105 gold pieces
  2256 | D        | Bought 3 potions of heal wounds for 105 gold pieces
  2427 | D        | Round 16.
  2476 | D        | Noticed an ancient lich
  2488 | D        | Killed an ancient lich
  2491 | D        | Reached XP level 16. HP: 38/165 MP: 24/27
  2500 | D        | Noticed a lich
  2504 | D        | Reached skill level 10 in Transmutations
  2509 | D        | Killed a lich
  2509 | D        | Reached skill level 20 in Unarmed Combat
  2519 | D        | Bought 4 scrolls of enchant armour for 300 gold pieces
  2540 | D        | HP: 4/165 [vampire mage/bolt of negative energy (43)]
  2540 | D        | Slain by a vampire mage

Illustrated notes

Levels and vault maps discovered:
D:        arena_sprint

Skill      XL: |  1  2  3  4  5  6  7  8  9 10 11 12 13 14 15 16 |
---------------+-------------------------------------------------+-----
Unarmed Combat | 5 7 12 14 15 16 17 18 19 20 | 20.0
Fighting       | 3 4 5 6 7 8 10 11 12 | 12.0
Armour         | 2 4 5 6 7 8 9 10 11 | 11.0
Dodging        | 3 4 5 7 8 10 11 12 13 | 13.4
Shields        | 3 7 8 9 |  9.0
Transmutations | 3 4 7 9 10 | 10.3
Earth Magic    | 4 5 8 9 11 12 | 12.1
Spellcasting   | 3 5 6 8 |  8.5
Stealth        | |  1.0

Action                   |  1- 3 |  4- 6 |  7- 9 | 10-12 | 13-15 | 16-18 || total
-------------------------+-------+-------+-------+-------+-------+-------++-------
Melee: Unarmed           |    26 |    10 |    40 |   127 |   151 |    22 ||   376
       Punch             |     1 |       |     1 |       |       |       ||     2
Invok: Potion Petition   |       |       |       |       |     1 |       ||     1
Evoke: Quad damage       |       |       |       |       |     1 |       ||     1
  Use: Potion            |       |     2 |     2 |     2 |     4 |     2 ||    12
       Scroll            |       |       |       |       |       |     4 ||     4
 Stab: Distracted        |       |     1 |     1 |       |     2 |       ||     4
Armor: Troll leather arm |    10 |     1 |     4 |       |       |       ||    15
       Gold dragon scale |       |       |       |    48 |    60 |    20 ||   128
Dodge: Dodged            |    17 |     1 |    11 |    19 |    16 |     4 ||    68
Block: Kite shield       |       |       |       |    42 |    53 |     4 ||    99

Table legend: (Time is in decaauts)
 A = Elapsed time spent in this place.
 B = Non-inter-level travel time spent in this place.
 C = Inter-level travel time spent in this place.
 D = Time resting spent in this place.
 E = Time spent auto-exploring this place.
 F = Levels seen in this place.
 G = Mean time per level.
                   A        B        C        D        E       F      G
               +--------+--------+--------+--------+--------+-----+--------+
         Total |   2407 |   2407 |      0 |   1013 |    486 |   1 | 2407.0 |
       Dungeon |   2407 |   2407 |      0 |   1013 |    486 |   1 | 2407.0 |
               +--------+--------+--------+--------+--------+-----+--------+

Top non-repeatable levels by time:
       D: 2407 daAuts
